 Dungeon Crawl Stone Soup version 0.21-a0-140-g479285b (webtiles) character file.

110163 kuniqs the Markscentaur (level 16, 0/135 HPs)
             Began as a Centaur Fire Elementalist on July 20, 2017.
             Was a High Priest of Vehumet.
             Slain by Saint Roka
             ... wielding a +2 great sword
              (10 damage)
             ... on level 2 of the Snake Pit.
             The game lasted 01:15:28 (34235 turns).

kuniqs the Markscentaur (CeFE)                     Turns: 34235, Time: 01:15:29

Health: 0/135      AC: 13    Str: 13    XL:     16   Next: 6%
Magic:  9/28       EV:  9    Int: 22    God:    Vehumet [*****.]
Gold:   2264       SH:  0    Dex: 16    Spells: 7/32 levels left

rFire    + . .     SeeInvis .   H - +1 longbow "Gyeteab" {velocity, rPois}
rCold    . . .     Gourm    .   (shield currently unavailable)
rNeg     . . .     Faith    .   y - +3 leather armour "Zytopumn" {Dex+4 Slay+5}
rPois    +         Spirit   .   (no helmet)
rElec    .         Reflect  .   A - +2 cloak {+Inv}
rCorr    .         Harm     .   Q - +2 pair of gloves
MR       +....                  (no barding)
Stlth    ++........             T - amulet of magic regeneration
HPRegen  0.32/turn              O - ring of protection from fire
MPRegen  0.46/turn              E - +3 ring of intelligence

@: drained, very quick
A: hooves 3, thin skeletal structure 1, deformed body, speed 2, mutation
resistance 1, tough skin 3
a: Renounce Religion, Evoke Invisibility


You were on level 2 of the Snake Pit.
You worshipped Vehumet.
Vehumet was extremely pleased with you.
You were very hungry.

You visited 5 branches of the dungeon, and saw 26 of its levels.

You collected 3156 gold pieces.
You spent 892 gold pieces at shops.

Inventory:

Hand Weapons
 H - the +1 longbow "Gyeteab" (weapon) {velocity, rPois}
   (You acquired it on level 4 of the Lair of Beasts)

   Any arrow fired from it inflicts extra damage.
   It protects you from poison.
 I - the +3 short sword of Corporal Punishment {speed, rC+ Int+2 Dex+5}
   (You bought it in a shop on level 2 of the Orcish Mines)

   Attacks with this weapon are significantly faster.
   It affects your intelligence (+2).
   It affects your dexterity (+5).
   It protects you from cold.
Missiles
 h - a throwing net
 i - 271 arrows (quivered)
Armour
 c - the +1 leather armour "Menaw" {MR+ Dex+2}
   (You bought it in a shop on level 2 of the Orcish Mines)

   It affects your dexterity (+2).
   It affects your resistance to hostile enchantments.
 y - the +3 leather armour "Zytopumn" (worn) {Dex+4 Slay+5}
   (You found it on level 4 of the Dungeon)

   It affects your dexterity (+4).
   It affects your accuracy and damage with ranged weapons and melee attacks
   (+5).
 A - a +2 cloak of invisibility (worn)
 Q - a +2 pair of gloves (worn)
Magical Staves
 R - an uncursed staff of air
 S - an uncursed staff of fire
Jewellery
 g - an uncursed ring of resist corrosion
 E - a +3 ring of intelligence (right hand)
 O - a ring of protection from fire (left hand)
 T - an amulet of magic regeneration (around neck)
Wands
 B - a wand of digging (10/24)
 J - a wand of acid (7/15)
 N - a wand of iceblast (6/15)
Scrolls
 b - 2 scrolls of identify {@r1}
 j - 2 scrolls of enchant weapon
 m - a scroll of fear
 o - 4 scrolls of remove curse {@r2}
 p - 3 scrolls of recharging
 r - 12 scrolls of teleportation
 t - a scroll of blinking
 u - 4 scrolls of magic mapping
 C - 3 scrolls of amnesia
 K - 2 scrolls of fog
 P - 2 scrolls of immolation {unknown}
 V - 3 scrolls of enchant armour
 X - a scroll of brand weapon
 Z - a scroll of summoning {unknown}
Potions
 a - 2 potions of resistance
 l - 5 potions of berserk rage
 n - 3 potions of heal wounds
 q - 2 potions of agility
 s - 2 potions of mutation
 v - 3 potions of brilliance
 w - a potion of magic
 x - 11 potions of curing {@q1}
 z - 3 potions of cancellation
 D - a potion of invisibility
 F - a potion of ambrosia
 G - 2 potions of might
 M - a potion of lignification
 U - 2 potions of haste
Miscellaneous
 L - a phial of floods
Comestibles
 d - 20 bread rations
 e - 8 meat rations
 k - 13 royal jellies


   Skills:
 + Level 10.3(9.6) Fighting
 + Level 17.7(16.9) Bows
 - Level 1.3(0.8) Dodging
 - Level 1.1(0.5) Stealth
   Level 1.8(1.2) Shields
 + Level 8.6(7.9) Spellcasting
 - Level 11.0(10.2) Conjurations
 - Level 8.6(8.0) Hexes
 - Level 11.0(10.2) Fire Magic
 + Level 5.8(5.2) Ice Magic
 + Level 5.3(4.7) Air Magic


You had 7 spell levels left.
You knew the following spells:

 Your Spells              Type           Power        Failure   Level  Hunger
a - Flame Tongue          Conj/Fire      #####        1%          1    None
b - Throw Flame           Conj/Fire      ######       1%          2    None
c - Conjure Flame         Conj/Fire      ######..     1%          3    None
d - Sticky Flame          Conj/Fire      ######..     1%          4    ###....
e - Fireball              Conj/Fire      ######....   1%          5    #####..
f - Cause Fear            Hex            #####.....   3%          4    ###....
g - Freezing Cloud        Conj/Ice/Air   #####.....   22%         6    ######.


Dungeon Overview and Level Annotations

Branches:
Dungeon (15/15)            Temple (1/1) D:5            Lair (6/6) D:10
 Shoals (0/4) Lair:2        Snake (2/4) Lair:4        Slime (0/5) Lair:5
    Orc (2/2) D:11            Elf (0/3) Orc:2        Vaults (0/5) D:13
 Depths (0/5) D:15

Altars:
Ashenzari
Cheibriados
Dithmenos
Elyvilon
Fedhas
Gozag
Hepliaklqana
Kikubaaqudgha
Makhleb
Nemelex Xobeh
Okawaru
Qazlal
Ru
Sif Muna
Trog
Uskayaw
Vehumet
Wu Jian
Xom
Yredelemnul
Zin
The Shining One
Beogh
Jiyva

Shops:
D:5 }   Orc:2 :([%

Annotations:
Snake:1 2 transporters
Snake:2 Saint Roka


Innate Abilities, Weirdness & Mutations

You have hooves in place of feet.
Armour fits poorly on your strangely shaped body.
You cover ground very quickly.
You have extremely tough skin. (AC +3)
You have a somewhat thin skeletal structure. (Dex +2, Stealth)
You are somewhat resistant to further mutation.


Message History

Aim: Saint Roka, wielding an enchanted great sword and wearing a shiny chain mail (flame, severely wounded)
You shoot an arrow.
The arrow hits Saint Roka but does no damage.
Saint Roka is engulfed in blazing flames.
Saint Roka hits you with an enchanted great sword.
* * * LOW HITPOINT WARNING * * *
The orc warrior hits you but does no damage.
Aim: Saint Roka, wielding an enchanted great sword and wearing a shiny chain mail (flame, severely wounded)
You shoot an arrow. The arrow hits Saint Roka.
The orc warrior barely misses you.
Saint Roka is engulfed in blazing flames.
Saint Roka closely misses you.
Aim: Saint Roka, wielding an enchanted great sword and wearing a shiny chain mail (flame, severely wounded)
The sticky flame hits Saint Roka.
Saint Roka is covered in liquid flames!
Saint Roka burns!
The orc warrior hits you from afar with a trident!!
* * * LOW HITPOINT WARNING * * *
Saint Roka is engulfed in blazing flames.
Saint Roka hits you with an enchanted great sword!
You die... #......... #........ #.............# ......##.....# .)).) #.....# )oo

#.....# #o# ##.....#
####@###......#
#.............#
#....(........######
#########..........#
########...........#
#..................#
#..............##'##
#.......#########.##
#......########....#


You could see Saint Roka (burning), an orc sorcerer and an orc warrior.

Vanquished Creatures
  Frances (D:13)
  Agnes (D:14)
  5 orc warlords
  An ettin (D:15)
  Josephine (D:13)
  Erolcha (D:9)
  3 vault guards (D:13)
  Harold (Lair:3)
  An ogre mage (D:15)
  5 hydras
  A catoblepas (Lair:6)
  3 anacondas (Snake:1)
  5 centaur warriors
  5 two-headed ogres
  A death yak (Lair:2)
  A naga sharpshooter (Snake:1)
  4 tengu warriors
  A shock serpent (Snake:2)
  An orc high priest (Orc:2)
  An unseen horror (D:13)
  3 wizards
  A naga ritualist (Snake:1)
  4 lindwurms (Lair:6)
  4 mana vipers (Snake:1)
  4 orc knights
  An oklob plant (Lair:6)
  4 salamanders (Snake:1)
  16 ugly things
  5 orc sorcerers
  3 cyclopes
  Maurice (D:10)
  4 manticores
  7 elephants
  11 black mambas
  4 naga magi (Snake:1)
  2 torpor snails
  3 gargoyles
  13 spiny frogs
  10 komodo dragons
  A kobold demonologist (D:15)
  5 rime drakes
  A freezing wraith (D:15)
  4 tengu conjurers
  9 trolls
  A polar bear (Lair:4)
  2 hornets (D:15)
  3 slime creatures (D:14)
  11 hippogriffs
  3 blink frogs (Lair:5)
  A centaur simulacrum (D:15)
  2 shadows
  A tarantella (shapeshifter) (D:14)
  2 wyverns
  5 wraiths (D:13)
  48 yaks
  2 hogs (D:9)
  22 humans
  A human (shapeshifter) (D:14)
  5 basilisks
  3 hungry ghosts
  7 wargs
  2 soldier ants
  6 nagas
  An acid dragon (D:13)
  10 water moccasins
  6 porcupines
  52 orc warriors
  A black bear (Lair:2)
  4 ice beasts
  An eye of draining (shapeshifter) (D:14)
  An eye of draining (D:15)
  5 sky beasts
  19 ogres
  18 wolves
  6 phantoms
  7 centaurs
  16 crocodiles
  A big kobold (D:12)
  18 bullfrogs
  A wyvern zombie (D:12)
  A wyvern skeleton (D:9)
  A scorpion (D:8)
  10 killer bees
  3 electric eels
  3 wights (D:12)
  5 crimson imps
  4 bullfrog zombies
  4 centaur zombies
  6 hounds
  3 jellies
  28 orc priests
  48 orc wizards
  A bullfrog skeleton (D:8)
  2 centaur skeletons
  3 iguanas
  Ijyb (D:3)
  6 worker ants
  A howler monkey zombie (D:10)
  A worker ant zombie (D:6)
  14 adders
  A howler monkey skeleton (D:6)
  A shadow imp (D:9)
  An adder zombie (D:6)
  5 worms
  8 dart slugs
  7 leopard geckos
  139 orcs
  A ball python (D:7)
  2 giant cockroaches
  7 goblins
  9 hobgoblins
  13 jackals
  10 kobolds
  6 quokkas
  6 bats
  A frilled lizard (D:2)
  A jackal zombie (D:7)
  A quokka skeleton (D:5)
  5 rats
  4 bushes (D:14)
  3 fungi
  5 plants (D:12)
838 creatures vanquished.

Vanquished Creatures (others)
  6 bushes (D:14)
  4 fungi (Lair:6)
  A plant (Lair:6)
11 creatures vanquished.

Grand Total: 849 creatures vanquished

Notes
Turn   | Place    | Note
-------+----------+-------------------------------------------
     0 | D:1      | kuniqs the Centaur Fire Elementalist began the quest for the Orb.
     0 | D:1      | Reached XP level 1. HP: 14/14 MP: 3/3
    10 | D:1      | Reached skill level 1 in Conjurations
   332 | D:1      | Reached XP level 2. HP: 20/20 MP: 2/4
   873 | D:2      | Learned a level 2 spell: Throw Flame
   999 | D:1      | Reached XP level 3. HP: 18/26 MP: 0/6
  1668 | D:2      | Reached XP level 4. HP: 30/33 MP: 1/7
  2177 | D:3      | Reached XP level 5. HP: 16/38 MP: 2/8
  2975 | D:3      | Noticed Ijyb
  3432 | D:3      | Killed Ijyb
  3738 | D:4      | Got a scorched leather armour
  3739 | D:4      | Identified the +3 leather armour "Zytopumn" {Dex+4 Slay+5} (You found it on level 4 of the Dungeon)
  4192 | D:4      | Noticed a phantom
  4212 | D:4      | Killed a phantom
  4212 | D:4      | Reached skill level 1 in Shields
  4212 | D:4      | Reached XP level 6. HP: 27/45 MP: 5/10
  4871 | D:5      | Entered Level 5 of the Dungeon
  5269 | D:5      | Reached XP level 7. HP: 50/50 MP: 4/11
  5444 | D:5      | Reached skill level 5 in Fire Magic
  5522 | D:5      | Found Tableil's Gadget Emporium.
  5883 | D:5      | Reached skill level 1 in Bows
  5987 | D:5      | Found a staircase to the Ecumenical Temple.
  5996 | Temple   | Entered the Ecumenical Temple
  6093 | Temple   | Became a worshipper of Vehumet
  6185 | D:6      | Reached skill level 2 in Bows
  6197 | D:6      | Reached skill level 5 in Conjurations
  6197 | D:6      | Reached XP level 8. HP: 55/57 MP: 7/12
  6247 | D:6      | Found a sparkling altar of Nemelex Xobeh.
  6312 | D:6      | Found a shimmering altar of Xom.
  6500 | D:6      | Reached skill level 3 in Bows
  6866 | D:6      | Learned a level 3 spell: Conjure Flame
  6871 | D:6      | Learned a level 4 spell: Sticky Flame
  6904 | D:6      | Reached skill level 4 in Bows
  7533 | D:7      | Reached * piety under Vehumet
  7533 | D:7      | Offered knowledge of Sting by Vehumet.
  7682 | D:7      | Reached skill level 5 in Bows
  8388 | D:8      | Reached XP level 9. HP: 53/62 MP: 8/13
  8452 | D:8      | Reached skill level 6 in Bows
  8706 | D:8      | Identified the +4 ring mail of Cidaxemn {*Slow rC+ Stlth+} (You found it on level 8 of the Dungeon)
  8941 | D:8      | Reached skill level 7 in Bows
  9287 | D:8      | Found a sacrificial altar of Ru.
  9347 | D:8      | Found an iron altar of Okawaru.
  9373 | D:8      | Offered knowledge of Shock by Vehumet.
  9480 | D:9      | Reached ** piety under Vehumet
  9483 | D:9      | Reached skill level 8 in Bows
  9859 | D:9      | Reached XP level 10. HP: 69/69 MP: 11/14
  9900 | D:9      | Noticed a two-headed ogre
  9925 | D:9      | Killed a two-headed ogre
  9925 | D:9      | Reached skill level 9 in Bows
 10195 | D:9      | Found a basalt altar of Yredelemnul.
 10197 | D:9      | Noticed Erolcha
 10277 | D:9      | Paralysed by Erolcha for 5 turns
 10290 | D:9      | Killed Erolcha
 10569 | D:9      | Found a deep blue altar of Sif Muna.
 10569 | D:9      | Found a white marble altar of Elyvilon.
 10690 | D:9      | Reached skill level 10 in Bows
 11144 | D:9      | Offered knowledge of Dazzling Spray by Vehumet.
 11183 | D:10     | Entered Level 10 of the Dungeon
 11301 | D:10     | Found a staircase to the Lair.
 11538 | D:10     | Reached XP level 11. HP: 67/74 MP: 9/15
 11554 | D:10     | Reached *** piety under Vehumet
 11554 | D:10     | Reached skill level 11 in Bows
 12005 | D:10     | Noticed a two-headed ogre
 12113 | D:10     | Killed a two-headed ogre
 12245 | D:10     | Noticed Maurice
 12302 | D:10     | Killed Maurice
 12454 | D:10     | Reached skill level 10 in Fire Magic
 12468 | D:10     | Offered knowledge of Mephitic Cloud by Vehumet.
 12633 | D:10     | Learned a level 5 spell: Fireball
 12918 | D:11     | Noticed a two-headed ogre
 12981 | D:11     | Killed a two-headed ogre
 13258 | D:11     | Reached skill level 12 in Bows
 13493 | D:11     | Reached **** piety under Vehumet
 13511 | D:11     | Found a staircase to the Orcish Mines.
 13828 | D:11     | Reached skill level 10 in Conjurations
 13933 | D:11     | Offered knowledge of Stone Arrow by Vehumet.
 15631 | D:12     | Gained mutation: You have a somewhat thin skeletal structure. (Dex +2, Stealth) [potion of mutation]
 15631 | D:12     | Gained mutation: You are somewhat resistant to further mutation. [potion of mutation]
 15644 | D:12     | Got a steaming rapier
 15713 | D:12     | Identified the +2 rapier "Weosoru" {pierce, *Drain rF+ Str+4 SInv} (You found it on level 12 of the Dungeon)
 15878 | Lair:1   | Entered Level 1 of the Lair of Beasts
 16487 | Lair:1   | Reached XP level 12. HP: 81/81 MP: 10/16
 16551 | Lair:1   | Reached skill level 13 in Bows
 16713 | Lair:1   | Reached ***** piety under Vehumet
 16760 | Lair:1   | Offered knowledge of Throw Icicle by Vehumet.
 16824 | Lair:1   | Identified the +0 scale mail "Omymuf" {Str+3 Stlth+} (You found it on level 1 of the Lair of Beasts)
 17040 | Lair:1   | Reached skill level 1 in Fighting
 17628 | Lair:2   | Found a staircase to the Shoals.
 17718 | Lair:2   | Noticed a death yak
 17791 | Lair:2   | Killed a death yak
 19264 | Lair:3   | Noticed Harold
 19280 | Lair:3   | Killed Harold
 19280 | Lair:3   | Reached skill level 14 in Bows
 19957 | Lair:4   | Found a staircase to the Snake Pit.
 20050 | Lair:4   | Identified a scroll of acquirement
 20054 | Lair:4   | Got a fine longbow
 20055 | Lair:4   | Identified the +1 longbow "Gyeteab" {velocity, rPois} (You acquired it on level 4 of the Lair of Beasts)
 20346 | Lair:4   | Learned a level 4 spell: Cause Fear
 20370 | Lair:4   | Reached skill level 5 in Spellcasting
 20395 | Lair:4   | Reached skill level 5 in Fighting
 20604 | Lair:4   | Found a shattered altar of Ashenzari.
 20897 | Lair:4   | Reached skill level 1 in Hexes
 20990 | Lair:5   | Reached XP level 13. HP: 95/100 MP: 6/20
 21068 | Lair:5   | Found a staircase to the Slime Pits.
 21068 | Lair:5   | Found a viscous altar of Jiyva.
 21072 | Lair:5   | Identified the +1 chain mail of Okawaru's Regard {-Cast rN++ Slay+2} (You found it on level 5 of the Lair of Beasts)
 21570 | Lair:6   | Entered Level 6 of the Lair of Beasts
 22008 | Lair:6   | Reached skill level 15 in Bows
 22630 | Lair:6   | Reached skill level 5 in Hexes
 22633 | Lair:6   | Offered knowledge of Bolt of Fire by Vehumet.
 24498 | Orc:1    | Entered Level 1 of the Orcish Mines
 24721 | Orc:1    | Reached XP level 14. HP: 113/113 MP: 23/23
 24972 | Orc:1    | Noticed an orc warlord
 24992 | Orc:1    | Killed an orc warlord
 25169 | Orc:1    | Noticed an orc warlord
 25306 | Orc:1    | Killed an orc warlord
 25431 | Orc:1    | Noticed an orc warlord
 25478 | Orc:1    | Offered knowledge of Freezing Cloud by Vehumet.
 25563 | Orc:1    | Killed an orc warlord
 25712 | Orc:1    | Reached skill level 16 in Bows
 25976 | Orc:1    | Learned a level 6 spell: Freezing Cloud
 26103 | Orc:1    | Got an ebony rapier
 26283 | Orc:2    | Entered Level 2 of the Orcish Mines
 26437 | Orc:2    | Noticed an orc warlord
 26503 | Orc:2    | Found a roughly hewn altar of Beogh.
 26590 | Orc:2    | Found Sessim's Book Shoppe.
 26668 | Orc:2    | Found a staircase to the Elven Halls.
 26701 | Orc:2    | Noticed an orc warlord
 26728 | Orc:2    | Killed an orc warlord
 26825 | Orc:2    | Paralysed by an orc sorcerer for 4 turns
 26979 | Orc:2    | Found a roughly hewn altar of Beogh.
 26985 | Orc:2    | Found Laurphir's Food Shop.
 27164 | Orc:2    | Found Keexeumn's Antique Armour Boutique.
 27165 | Orc:2    | Found a roughly hewn altar of Beogh.
 27168 | Orc:2    | Found Degitef's Antique Weapon Shop.
 27179 | Orc:2    | Bought a glowing cloak for 180 gold pieces
 27190 | Orc:2    | Bought a polished leather armour for 168 gold pieces
 27201 | Orc:2    | Identified the +1 leather armour "Menaw" {MR+ Dex+2} (You bought it in a shop on level 2 of the Orcish Mines)
 27224 | Orc:2    | Bought a crystal short sword for 256 gold pieces
 27224 | Orc:2    | Bought an encrusted quarterstaff for 288 gold pieces
 27224 | Orc:2    | Identified the +3 short sword of Corporal Punishment {speed, rC+ Int+2 Dex+5} (You bought it in a shop on level 2 of the Orcish Mines)
 27225 | Orc:2    | Identified the +8 rapier of the Median {protect, +Blink MR- Str+2} (You found it on level 1 of the Orcish Mines)
 27308 | Orc:2    | Killed an orc warlord
 27317 | Orc:2    | Offered knowledge of Yara's Violent Unravelling by Vehumet.
 27414 | Orc:2    | Found a roughly hewn altar of Beogh.
 27952 | D:13     | Noticed Frances
 28354 | D:13     | Reached skill level 1 in Ice Magic
 28443 | D:13     | Noticed Josephine
 28455 | D:13     | Killed Josephine
 28455 | D:13     | Reached skill level 1 in Air Magic
 29081 | D:13     | Reached XP level 15. HP: 120/123 MP: 10/26
 29324 | D:13     | Found a gate to the Vaults.
 29509 | D:13     | Killed Frances
 30004 | D:14     | Noticed Agnes
 30016 | D:14     | Killed Agnes
 30389 | D:14     | Reached skill level 17 in Bows
 31033 | D:15     | Entered Level 15 of the Dungeon
 31141 | D:15     | Offered knowledge of Ozocubu's Refrigeration by Vehumet.
 31219 | D:15     | Paralysed by a hornet for 3 turns
 32127 | D:15     | Found a staircase to the Depths.
 32193 | D:15     | Reached skill level 5 in Ice Magic
 32531 | D:15     | Reached skill level 10 in Fighting
 32967 | Snake:1  | Entered Level 1 of the Snake Pit
 32972 | Snake:1  | Found a transporter.
 33216 | Snake:1  | Reached skill level 5 in Air Magic
 33473 | Snake:1  | Found a transporter.
 33658 | Snake:1  | Reached XP level 16. HP: 98/134 MP: 21/28
 34223 | Snake:2  | Noticed Saint Roka
 34235 | Snake:2  | Slain by Saint Roka

Vault maps used:
D:1:      dpeg_arrival_stonehenge_8_columns, st_stairs_7
D:3:      first_bread, uniq_ijyb
D:5:      minmay_temple_entry_nine_rooms, serial_shops, nicolae_shop_crystal
D:6:      overflow_temple_1_default, nicolae_overflow_crystal_walls
D:7:      minivault_4
D:8:      nicolae_ru_path_of_blood, okawaru_humans
D:9:      yredelemnul_altar_generic, gammafunk_temple_overflow_wave,
          grunt_livestock, grunt_ministairs_6, hangedman_decor_lopped,
          uniq_erolcha
D:10:     lair_entry_dummy, uniq_maurice
D:11:     hiddenorc2_lemuel, small_statue_intersection
D:12:     minmay_weird_star
D:13:     grunt_vaults_entry_tiered, uniq_frances, uniq_josephine
D:14:     minmay_hedge_maze, uniq_agnes
D:15:     hangedman_depths_entry_civil_slaughter, spider_trap,
          hangedman_decor_clover_reticule
Temple:   nicolae_temple_elliptical
Lair:1:   beast_lair_carwin_9
Lair:2:   elwin_shoals_entry_rocks
Lair:3:   uniq_harold
Lair:4:   minmay_snake_entry_guardpost_large, basic_altar, serial_bayou_shore_a
Lair:5:   slime_altar_1, minivault_23, infiniplex_staircase_pool
Lair:6:   hangedman_lair_in_review
Snake:1:  gammafunk_its_a_trap
Snake:2:  st_stairs_8, uniq_saint_roka, uniq_aizul, uniq_vashnia
Orc:1:    minmay_orc_treasury
Orc:2:    grunt_orc_community_town_hall, grunt_orc_community_big_house_2,
          grunt_orc_community_big_house_2, grunt_orc_community_house_2,
          grunt_orc_community_house_3, grunt_orc_community_house_1,
          grunt_orc_community_house_3

Skill      XL: |  1  2  3  4  5  6  7  8  9 10 11 12 13 14 15 |
---------------+----------------------------------------------+-----
Conjurations   | 1 2 3 5 6 7 9 10 11 | 11.0
Spellcasting   | 2 3 5 6 7 8 |  8.6
Fire Magic     | 3 4 5 6 8 9 10 11 | 11.0
Shields        | 1 |  1.8
Bows           | 2 5 8 10 12 14 15 16 17 | 17.7
Fighting       | 5 7 8 10 | 10.3
Hexes          | 1 6 8 |  8.6
Ice Magic      | 2 5 |  5.8
Air Magic      | 2 5 |  5.3
Dodging        | |  1.3
Stealth        | |  1.1

Action                   |  1- 3 |  4- 6 |  7- 9 | 10-12 | 13-15 | 16-18 || total
-------------------------+-------+-------+-------+-------+-------+-------++-------
Melee: Spear             |    43 |    69 |     4 |       |       |       ||   116
       Kick              |     5 |     6 |     1 |       |     1 |       ||    13
       Shortbow          |       |       |       |     1 |       |       ||     1
       Longbow           |       |       |       |       |     1 |       ||     1
 Fire: Shortbow          |       |       |   101 |   474 |       |       ||   575
       Longbow           |       |       |       |    21 |   770 |    30 ||   821
 Cast: Flame Tongue      |    59 |    97 |   274 |   491 |   278 |       ||  1199
       Throw Flame       |       |    29 |       |    35 |   164 |       ||   228
       Conjure Flame     |       |       |     6 |     7 |    37 |     2 ||    52
       Sticky Flame      |       |       |     2 |    56 |    50 |     3 ||   111
       Fireball          |       |       |       |    20 |   216 |     5 ||   241
       Cause Fear        |       |       |       |       |     7 |     4 ||    11
Evoke: Wand              |       |       |       |     1 |     2 |       ||     3
  Use: Scroll            |       |     1 |     3 |    19 |     8 |       ||    31
       Potion            |       |       |       |    13 |       |       ||    13
  Eat: Chunk             |     3 |    11 |    13 |    39 |    82 |     1 ||   149
       Fruit             |       |       |       |     6 |     3 |     1 ||    10
       Meat ration       |       |       |       |       |     1 |       ||     1
       Royal jelly       |       |       |       |       |     2 |       ||     2
Armor: Robe              |    17 |    10 |       |       |       |       ||    27
       Leather armour    |       |    10 |    61 |    84 |   120 |     3 ||   278
Dodge: Dodged            |    29 |    32 |    60 |    99 |    99 |     5 ||   324
